 Dungeon Crawl Stone Soup version 0.28-a0-577-gb193047a1f (webtiles) character file.

Game seed: 13646659846297880561

385 Hubris850 the Slasher (level 6, -2/52 HPs)
             Began as a Minotaur Fighter on Oct 1, 2021.
             Killed from afar by Dowan (15 damage)
             ... with a shard of ice
             ... on level 4 of the Dungeon.
             The game lasted 00:10:04 (3153 turns).

Hubris850 the Slasher (Minotaur Fighter)            Turns: 3153, Time: 00:10:06

Health: -2/52      AC:  8    Str: 23    XL:     6   Next: 48%
Magic:  5/5        EV:  9    Int:  5    God:
Gold:   117        SH:  5    Dex:  9    Spells: 5/5 levels left

rFire   . . .      SeeInvis .   a - +0 long sword
rCold   . . .      Faith    .   c - +0 buckler
rNeg    . . .      Spirit   .   j - +0 scale mail
rPois   +          Reflect  .   (helmet restricted)
rElec   .          Harm     .   (no cloak)
rCorr   .          Rampage  .   (no gloves)
Will    .....                   p - +0 pair of boots
Stlth   ..........              (no amulet)
HPRegen 0.17/turn               w - ring of poison resistance
MPRegen 0.09/turn               (no ring)

@: mighty
A: horns 2, retaliatory headbutt
a: no special abilities


You were on level 4 of the Dungeon.
You visited 1 branch of the dungeon, and saw 4 of its levels.

You collected 117 gold pieces.

Inventory:

Hand Weapons
 a - a +0 long sword (weapon)
 b - a +0 hunting sling
 l - a +0 dagger of venom
Missiles
 e - 102 stones
 g - 65 poisoned darts (quivered)
 q - 3 boomerangs
Armour
 c - a +0 buckler (worn)
 j - a +0 scale mail (worn)
 p - a +0 pair of boots (worn)
Jewellery
 w - a ring of poison resistance (left hand)
Scrolls
 h - a scroll of enchant weapon {unknown}
 m - 2 scrolls of vulnerability {unknown}
 o - a scroll of magic mapping {unknown}
 r - a scroll of blinking {unknown}
 s - a scroll of brand weapon {unknown}
 u - 2 scrolls of identify {unknown}
 v - a scroll of teleportation {unknown}
Potions
 f - 2 potions of heal wounds {unknown}
 i - 2 potions of degeneration {unknown}
 k - 2 potions of curing {unknown}
 n - a potion of brilliance {unknown}
 t - a potion of cancellation {unknown}
 x - a potion of lignification {unknown}


   Skills:
 - Level 3.6 Fighting
 * Level 7.0 Long Blades
 - Level 3.6 Armour
 + Level 5.9 Shields


You had 5 spell levels left.
You didn't know any spells.
Your spell library contained the following spells:

 Spells                   Type           Power      Damage    Failure   Level
 Gell's Gravitas          Tloc           0%         N/A       98%         3
 Ozocubu's Armour         Ice            0%         N/A       98%         3
 Stone Arrow              Conj/Erth      0%         3d7       98%         3
 Teleport Other           Tloc           0%         N/A       98%         3
 Dispersal                Tloc           0%         N/A       100%        6
 Ozocubu's Refrigeration  Ice            0%         4d5       100%        7
 Infestation              Necr           0%         N/A       100%        8


Dungeon Overview and Level Annotations

Branches:
Dungeon (4/15)
 Temple: D:4-7

Altars:
Elyvilon
Fedhas

Shops:
D:4 *

Annotations:
D:4 Dowan


Innate Abilities, Weirdness & Mutations

You have a pair of horns on your head.
You reflexively headbutt those who attack you in melee.


Message History

You closely miss Duvessa.
Duvessa is heavily wounded.
You block Duvessa's attack.
You hit Duvessa. Your headbutt misses Duvessa.
Duvessa is heavily wounded.
Duvessa hits you but does no damage.
You hit Duvessa but do no damage. Your headbutt misses Duvessa.
Duvessa is heavily wounded.
Duvessa hits you with a +0 rapier!
You closely miss Duvessa. Your headbutt misses Duvessa.
Duvessa is heavily wounded.
Duvessa closely misses you.
Dowan casts a spell.
Dowan blinks!
You hit Duvessa.
Duvessa is severely wounded.
Duvessa hits you with a +0 rapier.
You slash Duvessa! You headbutt Duvessa.
You kill Duvessa!
Dowan screams, "No!
No!"
Dowan seems to find hidden reserves of power!
Dowan casts a spell at you. The shard of ice hits you!
* * * LOW HITPOINT WARNING * * *
Your Long Blades skill increases to level 7!
Dowan hits you but does no damage. Dowan barely misses you.
You completely miss Dowan. Dowan hits you with a +0 dagger.
* * * LOW HITPOINT WARNING * * *
Dowan gestures at you while chanting. The shard of ice misses you.
Okay, then.
You closely miss Dowan. Your headbutt misses Dowan. Dowan barely misses you.
You furiously retaliate!
You headbutt Dowan! You barely miss Dowan.
Dowan is heavily wounded.
Dowan gestures at you while chanting. The stone arrow misses you.
Dowan casts a spell at you. The shard of ice hits you!
You die...

# #. ### .##.. .#.####
# ..... #)#.. #)#.#
######### #@#.#
#.......#
######e#.####.#####.#
$.................##.#
#######.#.####.##..#.#
#.#.# #.###.#.#
#.#.####.# #.#.#
#.#......# #...#
#.######## ##..### #.#
########..#..


You could see Dowan (fast).

Vanquished Creatures
  Duvessa (D:4)
  A scorpion (D:3)
  A jelly (D:4)
  An orc wizard (D:3)
  6 gnolls
  4 adders
  An ufetubus (D:4)
  A worm (D:2)
  2 dart slugs
  5 orcs
  8 ball pythons
  4 bats
  6 endoplasms
  2 giant cockroaches (D:1)
  6 goblins
  5 hobgoblins
  3 quokkas
  4 frilled lizards
  2 kobolds
  2 rats
65 creatures vanquished.

Notes
Turn   | Place    | Note
-------+----------+-------------------------------------------
     0 | D:1      | Hubris850 the Minotaur Fighter began the quest for the Orb.
     0 | D:1      | Reached XP level 1. HP: 19/19 MP: 0/0
    61 | D:1      | Got the Guide on Excruciating Darkness
   109 | D:1      | Reached skill level 3 in Long Blades
   115 | D:1      | Reached XP level 2. HP: 25/27 MP: 1/1
   601 | D:1      | Reached XP level 3. HP: 33/33 MP: 2/2
   815 | D:2      | Reached skill level 4 in Long Blades
  1180 | D:2      | Reached XP level 4. HP: 36/40 MP: 3/3
  1487 | D:2      | Found a blossoming altar of Fedhas.
  1714 | D:3      | Reached skill level 5 in Long Blades
  1889 | D:3      | Reached skill level 5 in Shields
  1889 | D:3      | Reached XP level 5. HP: 21/46 MP: 4/4
  2250 | D:3      | Reached skill level 6 in Long Blades
  2763 | D:4      | Reached XP level 6. HP: 52/52 MP: 5/5
  2812 | D:4      | Found a white marble altar of Elyvilon.
  2953 | D:4      | Found Tomap's Overcharged Wands.
  3136 | D:4      | Noticed Dowan
  3138 | D:4      | Noticed Duvessa
  3149 | D:4      | Killed Duvessa
  3150 | D:4      | Reached skill level 7 in Long Blades
  3153 | D:4      | Killed from afar by Dowan

Illustrated notes

Levels and vault maps discovered:
D:1:      kilobyte_arrival_exit_the_forest, layout_rooms, minmay_cut_off
D:2:      layout_loops_ring, basic_altar
D:3:      layout_basic
D:4:      layout_basic, mainiacjoe_overflow_chevrons,
          nicolae_shop_overcharged_wands, uniq_duvessa

Skill      XL: |  1  2  3  4  5  6 |
---------------+-------------------+-----
Long Blades    | 3 4 5 6 7 |  7.0
Shields        | 4 5 |  5.9
Fighting       | |  3.6
Armour         | |  3.6

Action                   |  1- 3 |  4- 6 || total
-------------------------+-------+-------++-------
Melee: Long sword        |    45 |    49 ||    94
       Headbutt          |     9 |    13 ||    22
       Dagger            |    17 |    26 ||    43
Throw: Dart              |       |    14 ||    14
       Boomerang         |       |     3 ||     3
  Use: Potion            |       |     1 ||     1
Armor: Scale mail        |    23 |    28 ||    51
Dodge: Dodged            |    30 |    32 ||    62
Block: Buckler           |    10 |    22 ||    32

Table legend: (Time is in decaauts)
 A = Elapsed time spent in this place.
 B = Non-inter-level travel time spent in this place.
 C = Inter-level travel time spent in this place.
 D = Time resting spent in this place.
 E = Time spent auto-exploring this place.
 F = Levels seen in this place.
 G = Mean time per level.
                   A        B        C        D        E       F      G
               +--------+--------+--------+--------+--------+-----+--------+
         Total |   3174 |   3105 |     69 |    238 |   2281 |   4 |  793.5 |
       Dungeon |   3174 |   3105 |     69 |    238 |   2281 |   4 |  793.5 |
               +--------+--------+--------+--------+--------+-----+--------+

Top non-repeatable levels by time:
     D:3: 1077 daAuts
     D:2: 955 daAuts
     D:1: 742 daAuts
     D:4: 399 daAuts
